 Dungeon Crawl Stone Soup version 0.24.0-13-gcf9b3192b9 (console) character file.

Game seed: 9462126678166918888, levelgen mode: deterministic

1827 AlterAsc the Changer (level 9, 0/69 HPs)
             Began as an Octopode Transmuter on Nov 8, 2019.
             Was a Believer of Sif Muna.
             Slain by an orc warrior
             ... wielding a +0 trident
              (19 damage)
             ... on level 6 of the Dungeon.
             The game lasted 00:17:30 (5904 turns).

AlterAsc the Changer (Octopode Transmuter)          Turns: 5904, Time: 00:17:31

Health: 0/69       AC:  6    Str: 12    XL:     9   Next: 11%
Magic:  16/16      EV: 10    Int: 16    God:    Sif Muna [**....]
Gold:   243        SH:  0    Dex: 12    Spells: 8/18 levels left

rFire    x . .     SeeInvis .     - Unarmed
rCold    + + +     Gourm    .   (shield currently unavailable)
rNeg     . . .     Faith    .   (helmet currently unavailable)
rPois    +         Spirit   .   w - amulet of magic regeneration
rElec    .         Reflect  .   o - ring of poison resistance
rCorr    .         Harm     .   y - ring of wizardry
MR       .....                  (no ring)
Stlth    +.........             (no ring)
HPRegen  0.21/turn              (no ring)
MPRegen  0.40/turn              (no ring)
                                (no ring)
                                (no ring)

@: ice-form (expiring)
A: large, almost no armour, stealthy swim, amphibious, 8 rings, (constrict 8)
a: End Transformation, Channel Magic, Renounce Religion


You were on level 6 of the Dungeon.
You worshipped Sif Muna.
Sif Muna was pleased with you.
You were not hungry.
You were a creature of crystalline ice.
You visited 1 branch of the dungeon, and saw 6 of its levels.

You collected 243 gold pieces.

Inventory:

Hand Weapons
 x - a +0 falchion
Missiles
 a - 89 arrows
 l - 8 javelins (quivered)
Jewellery
 o - a ring of poison resistance (left front paw)
 q - the ring of Polytheism {*Tele rC+ Int+4}
   (You took it off a goblin on level 4 of the Dungeon)

   [ring of teleportation]

   It may teleport you next to monsters.
   It affects your intelligence (+4).
   It protects you from cold.
 w - an amulet of magic regeneration (around neck)
 y - a ring of wizardry (right front paw)
Wands
 p - a wand of acid (11)
 s - a wand of random effects (18)
Scrolls
 d - 2 scrolls of fog
 f - 2 scrolls of teleportation
 i - 2 scrolls of remove curse
 n - a scroll of magic mapping
 t - a scroll of noise {unknown}
 v - a scroll of enchant armour {unknown}
Potions
 b - 2 potions of lignification
 e - 2 potions of agility
 g - a potion of haste {unknown}
 h - a potion of degeneration {unknown}
 j - 2 potions of heal wounds
 k - a potion of might {unknown}
 m - a potion of brilliance {unknown}
 r - a potion of cancellation {unknown}
Comestibles
 c - 11 rations
 u - 4 chunks of flesh


   Skills:
 + Level 4.2 Fighting
 - Level 2.1 Dodging
 * Level 6.8 Unarmed Combat
 - Level 5.0 Spellcasting
 - Level 7.0 Transmutations
 - Level 2.0 Ice Magic


You had 8 spell levels left.
You knew the following spells:

 Your Spells              Type           Power        Failure   Level  Hunger
a - Beastly Appendage     Tmut           ####..       1%          1    None
b - Sticks to Snakes      Tmut           ####....     1%          2    #......
c - Spider Form           Tmut/Pois      ###.......   4%          3    ###....
d - Ice Form              Ice/Tmut       ###.....     10%         4    ####...

Your spell library contained the following spells:

 Spells                   Type           Power        Failure   Level  Hunger
 Blade Hands              Tmut           ####......   10%         5    ######.


Dungeon Overview and Level Annotations

Branches:
Dungeon (6/15)
 Temple: D:4-7

Altars:
Ashenzari
Dithmenos
Makhleb
Nemelex Xobeh
Sif Muna
Trog
Wu Jian
The Shining One

Shops:
D:5 :

Annotations:
D:6 Pikel


Innate Abilities, Weirdness & Mutations

You cannot wear most types of armour.
You are very stealthy in the water. (Stealth+)
You are amphibious.
You can wear up to eight rings at the same time.
((You can use your tentacles to constrict eight enemies at once.))
((Your skin changes colour to match your surroundings (Stealth+).))
((Your rubbery body absorbs attacks. (AC +1, EV +1)))


Message History

You punch the killer bee! You freeze the killer bee.
You kill the killer bee!
Sif Muna accepts your kill. The killer bee misses you.
The killer bee stings you!
You punch the orc! You freeze the orc.
You kill the orc!
Sif Muna accepts your kill. The killer bee closely misses you.
The killer bee stings you.
You punch the killer bee! You freeze the killer bee.
You kill the killer bee!
Sif Muna accepts your kill. The hound bites you.
The orc warrior closely misses you. The hound bites you.
You pummel the hound!! You freeze the hound!
You kill the hound!
Sif Muna accepts your kill.
The orc warrior hits you from afar with a +0 trident!
* * * LOW HITPOINT WARNING * * *
Your transformation is almost over.
The orc warrior hits you from afar with a +0 trident!!
You die...

#......##......##
##....##........)
####.............#
##.......(.........
#....>...#.##..#.##
##.......#.....#...
#.o.........##....#
##........##....##.
#..Y.........# .
#..........#..
###.<........# #
###..#.##.........
###.............##.#
#............##....#
###.#.(##.......##..
###..#.....##.....#
#............##..


You could see an orc warrior.

Vanquished Creatures
  Grinder (D:3)
  Purgy (D:4)
  2 slaves
  An ice beast (D:6)
  A necrophage (D:6)
  2 centaurs (D:5)
  A bullfrog (D:3)
  A water moccasin skeleton (D:5)
  2 scorpions
  2 killer bees (D:6)
  A howler monkey (D:4)
  3 crimson imps (D:5)
  2 bullfrog zombies (D:5)
  A centaur zombie (D:6)
  An orc priest (D:6)
  4 hounds
  An orc wizard (D:5)
  5 worker ants
  An iguana (D:6)
  2 hound zombies
  3 hound skeletons
  Robin (D:4)
  8 adders
  8 river rats (D:5)
  An ooze (D:2)
  An adder zombie (D:5)
  4 worms
  2 dart slugs (D:2)
  7 leopard geckos
  10 orcs
  4 ball pythons
  7 giant cockroaches
  18 goblins
  10 hobgoblins
  3 jackals (D:1)
  13 quokkas
  7 bats
  4 frilled lizards
  10 kobolds
  A quokka skeleton (D:4)
  18 rats
175 creatures vanquished.

Notes
Turn   | Place    | Note
-------+----------+-------------------------------------------
     0 | D:1      | AlterAsc the Octopode Transmuter began the quest for the
                  | Orb.
     0 | D:1      | Reached XP level 1. HP: 13/13 MP: 3/3
    64 | D:1      | Reached XP level 2. HP: 11/18 MP: 3/5
    69 | D:1      | Found a sparkling altar of Nemelex Xobeh.
   777 | D:1      | Reached XP level 3. HP: 13/23 MP: 6/6
  1078 | D:1      | Reached skill level 3 in Transmutations
  1197 | D:2      | Learned a level 2 spell: Sticks to Snakes
  1201 | D:2      | Learned a level 3 spell: Spider Form
  1878 | D:2      | Reached XP level 4. HP: 23/28 MP: 4/8
  2301 | D:3      | Found a faded altar of an unknown god.
  2301 | D:3      | Noticed a bullfrog
  2309 | D:3      | Killed a bullfrog
  2309 | D:3      | Reached skill level 4 in Transmutations
  2309 | D:3      | Reached XP level 5. HP: 24/33 MP: 9/9
  2532 | D:3      | Found a shadowy altar of Dithmenos.
  2535 | D:3      | Found a burning altar of Makhleb.
  2549 | D:3      | Found an ornate altar of the Wu Jian Council.
  2552 | D:3      | Found a shimmering blue altar of Sif Muna.
  2557 | D:3      | Became a worshipper of Sif Muna the Loreminder
  2602 | D:3      | Noticed Grinder
  2627 | D:4      | Noticed Robin
  3022 | D:4      | Reached skill level 5 in Transmutations
  3022 | D:4      | Reached XP level 6. HP: 36/38 MP: 8/11
  3078 | D:4      | Identified the ring of Polytheism {*Tele rC+ Int+4}
  3084 | D:4      | Learned a level 4 spell: Ice Form
  3253 | D:4      | Reached * piety under Sif Muna
  3323 | D:4      | Found a glowing golden altar of the Shining One.
  3343 | D:4      | Noticed Purgy
  3368 | D:4      | Killed Purgy
  3375 | D:4      | Killed Robin
  3561 | D:4      | Found a shattered altar of Ashenzari.
  3562 | D:4      | Found a bloodstained altar of Trog.
  3994 | D:3      | Paralysed by Grinder for 2 turns
  4001 | D:3      | Paralysed by Grinder for 7 turns
  4020 | D:3      | Killed Grinder
  4020 | D:3      | Reached skill level 6 in Transmutations
  4020 | D:3      | Reached XP level 7. HP: 43/43 MP: 10/13
  4361 | D:5      | Entered Level 5 of the Dungeon
  4502 | D:5      | Reached ** piety under Sif Muna
  4551 | D:5      | Reached skill level 1 in Ice Magic
  5003 | D:5      | Reached XP level 8. HP: 50/50 MP: 8/15
  5343 | D:5      | Reached skill level 5 in Spellcasting
  5357 | D:5      | Reached skill level 7 in Transmutations
  5436 | D:5      | Found Nelurroi's Book Shop.
  5513 | D:5      | Reached skill level 5 in Unarmed Combat
  5792 | D:6      | Reached XP level 9. HP: 58/58 MP: 16/16
  5809 | D:6      | Noticed Pikel
  5904 | D:6      | Slain by an orc warrior

Levels and vault maps discovered:
D:1:      lightli_arrival_maybe_door_vault, layout_loops_cross,
          nemelex_xobeh_ov_fountains_minmay
D:2:      minmay_chambers_of_ones, layout_basic
D:3:      layout_loops_ring, grunt_temple_overflow_cloverleaf,
          chequers_ecumenical_altar_simple, uniq_grinder
D:4:      layout_basic, tso_altar, minitemple, first_ration, uniq_purgy,
          uniq_robin
D:5:      lemuel_ratsnest, layout_basic, serial_shops, kennysheep_mini
D:6:      layout_cave_pools, lemuel_coloured_pillars_altar,
          minmay_temple_entry_ruins, uniq_pikel

Skill      XL: |  1  2  3  4  5  6  7  8  9 |
---------------+----------------------------+-----
Transmutations | 3 4 5 6 7 |  7.0
Spellcasting   | 3 4 5 |  5.0
Ice Magic      | 1 2 |  2.0
Fighting       | 3 4 |  4.2
Unarmed Combat | 6 |  6.8
Dodging        | |  2.1

Action                   |  1- 3 |  4- 6 |  7- 9 || total
-------------------------+-------+-------+-------++-------
Melee: Unarmed           |   107 |   144 |   216 ||   467
       Constrict         |    27 |    15 |     7 ||    49
       Kick              |    16 |    11 |       ||    27
       Tentacles         |    12 |    14 |     4 ||    30
       Punch             |     1 |     1 |     1 ||     3
 Cast: Beastly Appendage |    23 |    12 |       ||    35
       Spider Form       |       |    13 |     3 ||    16
       Sticks to Snakes  |       |     1 |       ||     1
       Ice Form          |       |       |    15 ||    15
  Use: Scroll            |       |     5 |     2 ||     7
       Potion            |       |     3 |       ||     3
 Stab: Sleeping          |     5 |     5 |     4 ||    14
  Eat: Chunk             |     3 |     9 |     9 ||    21
Armor: Skin              |    11 |    10 |    47 ||    68
Dodge: Dodged            |    67 |   120 |    92 ||   279
